[Event "46th GRE-chT Premier 2018"]
[Site "Rio Achaia"]
[Date "2018.07.10"]
[Round "1"]
[White "Bouza, Mirto - Eleni"]
[Black "Tsouli, Rafailia"]
[Result "1/2-1/2"]
[ECO "C54"]
[WhiteElo "1299"]
[BlackElo "1327"]
[Annotator "NA"]
[PlyCount "112"]
[EventDate "2018.07.10"]
[EventType "team-tourn"]
[EventCountry "GRE"]
[SourceTitle "playchess.com"]
[Source "ChessBase"]
[SourceQuality "1"]
[TimeControl "40/5400+30:1800+30"]

1. e4 e5 2. Nf3 Nc6 3. Bc4 Bc5 4. c3 Nf6 5. d3 d6 6. Bg5 h6 7. Bh4 g5 8. Bg3 a6 9. Bb3 Ba7 10. Nbd2 Qe7 11. Nc4 Be6 12. Qe2 O-O-O 13. O-O-O Rhf8 14. Rhe1 Nd7 15. d4 exd4 16. cxd4 Bg4 17. d5 Nd4 18. Qd3 Nc5 19. Qe3 Ndxb3+ 20. axb3 Bxf3 21. gxf3 Kb8 22. Qc3 Nd7 23. e5 dxe5 24. Nxe5 Nxe5 25. Bxe5 Qc5 26. Bg7 Qxc3+ 27. bxc3 Rg8 28. Bf6 Rde8 29. Rxe8+ Rxe8 30. Rd2 Kc8 31. c4 Re1+ 32. Kc2 Rf1 33. Bg7 h5 34. Bh6 f6 35. Bg7 f5 36. Bh6 g4 37. fxg4 hxg4 38. Be3 Bb8 39. Bf4 c6 40. Bg3 f4 41. Bh4 Rh1 42. d6 Kd7 43. Bg5 f3 44. Bf4 Re1 45. c5 Ba7 46. b4 Re4 47. Be3 Rxb4 48. Kc3 Rb5 49. Rb2 Rxb2 50. Kxb2 Ke6 51. Kc3 Kd7 52. Kb4 Ke6 53. Ka5 Kd7 54. Kb4 Ke6 55. Ka5 Kd7 56. Kb4 Ke6 1/2-1/2

[Event "46th GRE-chT Premier 2018"]
[Site "Rio Achaia"]
[Date "2018.07.10"]
[Round "1"]
[White "Soukarie, Zorz"]
[Black "Stefanou, Konstantinos"]
[Result "0-1"]
[ECO "B49"]
[WhiteElo "1295"]
[BlackElo "1677"]
[Annotator "NA"]
[PlyCount "64"]
[EventDate "2018.07.10"]
[EventType "team-tourn"]
[EventCountry "GRE"]
[SourceTitle "playchess.com"]
[Source "ChessBase"]
[SourceQuality "1"]
[TimeControl "40/5400+30:1800+30"]

1. e4 c5 2. Nf3 e6 3. d4 cxd4 4. Nxd4 Nc6 5. Nc3 Qc7 6. Be2 a6 7. Be3 d6 8. O-O Nf6 9. a4 Be7 10. Nb3 O-O 11. f4 Bd7 12. Kh1 Na5 13. Nxa5 Qxa5 14. Ra3 Bc6 15. b4 Qc7 16. Qd4 e5 17. Qd3 Rfc8 18. Bf3 Bd7 19. f5 a5 20. bxa5 d5 21. Bb6 Qc4 22. Qxc4 Rxc4 23. Rb3 d4 24. Nb5 Rxc2 25. Ra1 Rac8 26. h3 Ne8 27. Kh2 Bg5 28. Kh1 Bf4 29. Rf1 Rc1 30. Rb1 R1c4 31. Ra1 d3 32. Rfd1 d2 0-1

[Event "46th GRE-chT Premier 2018"]
[Site "Rio Achaia"]
[Date "2018.07.10"]
[Round "1"]
[White "Poulopoulos, Ilias"]
[Black "Makris, Spyridon-Dionysios"]
[Result "0-1"]
[ECO "C55"]
[WhiteElo "1290"]
[BlackElo "1799"]
[Annotator "NA"]
[PlyCount "108"]
[EventDate "2018.07.10"]
[EventType "team-tourn"]
[EventCountry "GRE"]
[SourceTitle "playchess.com"]
[Source "ChessBase"]
[SourceQuality "1"]
[TimeControl "40/5400+30:1800+30"]

1. e4 e5 2. Nf3 Nc6 3. Bc4 Nf6 4. d3 Be7 5. c3 O-O 6. Nbd2 d6 7. Bb3 Na5 8. Bc2 c5 9. Nf1 Nc6 10. Ng3 h6 11. O-O Re8 12. Re1 Bf8 13. h3 d5 14. Qe2 Be6 15. Nh2 Qc8 16. Nh5 Nxh5 17. Qxh5 g6 18. Qh4 Qd8 19. Qg3 d4 20. c4 Bg7 21. a3 a6 22. f4 exf4 23. Bxf4 Bd7 24. Ng4 Bxg4 25. Qxg4 Ne5 26. Qe2 Qd7 27. b4 Rec8 28. Rab1 b5 29. Bxe5 Bxe5 30. Bb3 Qd6 31. Rf1 Rc7 32. Qf3 Raa7 33. Kh1 cxb4 34. axb4 Qxb4 35. cxb5 Qxb5 36. Bc4 Qd7 37. Rb6 Kg7 38. Bxa6 Qd8 39. Rfb1 Rc3 40. R6b5 Qc7 41. Rf1 Rc1 42. Rxe5 Rxf1+ 43. Qxf1 Qxe5 44. Bc4 h5 45. Kg1 h4 46. Qf3 Rb7 47. Kf1 Qa5 48. Qd1 Qc3 49. Kf2 Rb2+ 50. Kf3 g5 51. g3 hxg3 52. Kxg3 Qd2 53. Qf1 Qh2+ 54. Kf3 Qf4# 0-1

[Event "46th GRE-chT Premier 2018"]
[Site "Rio Achaia"]
[Date "2018.07.10"]
[Round "1"]
[White "Papadopoulou, Marilena"]
[Black "Fertaki, Eleftheria"]
[Result "1/2-1/2"]
[ECO "B40"]
[WhiteElo "1275"]
[BlackElo "1139"]
[Annotator "NA"]
[PlyCount "83"]
[EventDate "2018.07.10"]
[EventType "team-tourn"]
[EventCountry "GRE"]
[SourceTitle "playchess.com"]
[Source "ChessBase"]
[SourceQuality "1"]
[TimeControl "40/5400+30:1800+30"]

1. e4 c5 2. Nf3 e6 3. d4 cxd4 4. Nxd4 Nf6 5. Nc3 Nc6 6. Nb3 Be7 7. Bd3 O-O 8. O-O d5 9. exd5 Nxd5 10. Nxd5 Qxd5 11. Qe2 Bf6 12. c3 Rb8 13. Bf4 e5 14. Rad1 Qe6 15. Be3 b6 16. Be4 Bb7 17. Qh5 g6 18. Qf3 Nd8 19. Bh6 Bxe4 20. Qxe4 Re8 21. Rd3 Bg7 22. Qh4 Bxh6 23. Qxh6 Qc4 24. Rh3 Qe6 25. Qxh7+ Kf8 26. Re1 Qf6 27. Qh8+ Ke7 28. Rxe5+ Ne6 29. Qxf6+ Kxf6 30. Rhe3 Red8 31. h3 Rd1+ 32. Re1 Rd7 33. g4 Rd3 34. R5e3 Rbd8 35. Rxd3 Rxd3 36. Re3 Rd1+ 37. Kg2 Rb1 38. Rf3+ Kg7 39. Nd4 Rxb2 40. Nxe6+ fxe6 41. a3 Ra2 42. c4 1/2-1/2

[Event "46th GRE-chT Premier 2018"]
[Site "Rio Achaia"]
[Date "2018.07.10"]
[Round "1"]
[White "Matthaiaki, Nefeli"]
[Black "Tafani, Kleinta"]
[Result "0-1"]
[ECO "B34"]
[WhiteElo "1266"]
[BlackElo "1102"]
[Annotator "NA"]
[PlyCount "74"]
[EventDate "2018.07.10"]
[EventType "team-tourn"]
[EventCountry "GRE"]
[SourceTitle "playchess.com"]
[Source "ChessBase"]
[SourceQuality "1"]
[TimeControl "40/5400+30:1800+30"]

1. e4 c5 2. Nf3 Nc6 3. d4 cxd4 4. Nxd4 g6 5. Nc3 Bg7 6. Be3 Nf6 7. Be2 O-O 8. O-O d5 9. exd5 Nxd5 10. Nxd5 Qxd5 11. c3 Nxd4 12. Bxd4 Bxd4 13. Qxd4 Qg5 14. Bf3 a6 15. Rfe1 Rb8 16. Qa7 Bh3 17. Bxb7 e6 18. Qxa6 Rfd8 19. Kf1 Bf5 20. Rad1 Bc2 21. Rxd8+ Rxd8 22. Qb6 Rb8 23. Qc7 Qb5+ 24. Kg1 Rxb7 25. Qd8+ Kg7 26. Qd4+ Kf8 27. b3 Qd3 28. Qc5+ Kg7 29. Qe5+ Kg8 30. h3 Rb5 31. Qc7 Qd2 32. Rf1 Bd3 33. Qd8+ Kg7 34. Qd4+ e5 35. Qe3 Qxe3 36. fxe3 Bxf1 37. Kxf1 Rd5 0-1

[Event "46th GRE-chT Premier 2018"]
[Site "Rio Achaia"]
[Date "2018.07.10"]
[Round "1"]
[White "Tzikas, Athanasios G"]
[Black "Kafantaris, Pavlos"]
[Result "0-1"]
[ECO "B12"]
[WhiteElo "1251"]
[BlackElo "1380"]
[Annotator "NA"]
[PlyCount "84"]
[EventDate "2018.07.10"]
[EventType "team-tourn"]
[EventCountry "GRE"]
[SourceTitle "playchess.com"]
[Source "ChessBase"]
[SourceQuality "1"]
[TimeControl "40/5400+30:1800+30"]

1. e4 c6 2. d4 d5 3. e5 Bf5 4. Nf3 e6 5. Bd3 Bxd3 6. Qxd3 Ne7 7. Bg5 h6 8. Bh4 Qc7 9. Nbd2 Nd7 10. Bxe7 Bxe7 11. O-O O-O 12. c4 dxc4 13. Nxc4 Nb6 14. Rac1 Nxc4 15. Qxc4 Qb6 16. Qe2 Rfd8 17. Rc3 Rd7 18. Rb3 Qc7 19. Rc1 Rad8 20. Rbc3 Rd5 21. h3 Bb4 22. Rd3 Ba5 23. Rcd1 Bb6 24. b4 Qd7 25. Qd2 c5 26. bxc5 Bxc5 27. Qc3 Bb6 28. Qb3 Ba5 29. Rb1 Bb6 30. Rbd1 Qb5 31. Qxb5 Rxb5 32. Rb3 Rbd5 33. Kf1 Rc8 34. Rb2 Rc4 35. g4 Rc3 36. Kg2 Ra5 37. Rb3 Ra3 38. Rxc3 Rxc3 39. d5 Rc2 40. d6 Rxf2+ 41. Kg3 Rxa2 42. d7 Bd8 0-1

[Event "46th GRE-chT Premier 2018"]
[Site "Rio Achaia"]
[Date "2018.07.10"]
[Round "1"]
[White "Batsi, Varvara"]
[Black "Papanagiotou, Argyro"]
[Result "1-0"]
[ECO "D00"]
[WhiteElo "1241"]
[BlackElo "1037"]
[Annotator "NA"]
[PlyCount "63"]
[EventDate "2018.07.10"]
[EventType "team-tourn"]
[EventCountry "GRE"]
[SourceTitle "playchess.com"]
[Source "ChessBase"]
[SourceQuality "1"]
[TimeControl "40/5400+30:1800+30"]

1. d4 d5 2. Bf4 Bf5 3. e3 Nc6 4. Bd3 e6 5. Bxf5 exf5 6. Qd3 Qd7 7. Nf3 Nf6 8. h3 h5 9. O-O Bd6 10. Bxd6 Qxd6 11. Qxf5 Ne7 12. Qd3 O-O 13. Nbd2 Rfe8 14. c4 c5 15. dxc5 Qxc5 16. Rac1 Rac8 17. Qb3 Qb6 18. Qxb6 axb6 19. cxd5 Nexd5 20. a3 Ra8 21. Nc4 Ne4 22. Rfd1 Red8 23. Rd4 Nef6 24. Rcd1 b5 25. Nce5 Ra4 26. Ng5 Rxd4 27. Rxd4 Kf8 28. e4 Nxe4 29. Rxe4 Nf6 30. Re2 Rd4 31. Nexf7 b4 32. Ne6+ 1-0

[Event "46th GRE-chT Premier 2018"]
[Site "Rio Achaia"]
[Date "2018.07.10"]
[Round "1"]
[White "Stellaki, Alexandra"]
[Black "Kotsoglou, Evi"]
[Result "1/2-1/2"]
[ECO "D00"]
[WhiteElo "1241"]
[BlackElo "1424"]
[Annotator "NA"]
[PlyCount "69"]
[EventDate "2018.07.10"]
[EventType "team-tourn"]
[EventCountry "GRE"]
[SourceTitle "playchess.com"]
[Source "ChessBase"]
[SourceQuality "1"]
[TimeControl "40/5400+30:1800+30"]

1. d4 d5 2. Bf4 Nf6 3. e3 Bf5 4. Bd3 Bg6 5. Nf3 Nbd7 6. c3 e6 7. O-O Be7 8. h3 c5 9. Bxg6 hxg6 10. Nbd2 O-O 11. Re1 Rc8 12. Ne5 a6 13. Nxd7 Qxd7 14. Nf3 b5 15. dxc5 Bxc5 16. a3 Rfe8 17. Ne5 Qb7 18. Qf3 Ne4 19. Rad1 a5 20. Nd3 Bf8 21. Qe2 b4 22. cxb4 axb4 23. f3 Nf6 24. axb4 Bxb4 25. Nxb4 Qxb4 26. Be5 Qb3 27. Qd3 Qb4 28. Bc3 Qb8 29. f4 Ne4 30. Bd4 Rc4 31. Rc1 Rec8 32. Rxc4 Rxc4 33. Rb1 Rb4 34. Bc3 Rc4 35. Bd4 1/2-1/2

[Event "46th GRE-chT Premier 2018"]
[Site "Rio Achaia"]
[Date "2018.07.10"]
[Round "1"]
[White "Zacharia, Aikaterini-Eirini"]
[Black "Kouta, Vasiliki"]
[Result "0-1"]
[ECO "C18"]
[WhiteElo "1234"]
[BlackElo "1350"]
[Annotator "NA"]
[PlyCount "58"]
[EventDate "2018.07.10"]
[EventType "team-tourn"]
[EventCountry "GRE"]
[SourceTitle "playchess.com"]
[Source "ChessBase"]
[SourceQuality "1"]
[TimeControl "40/5400+30:1800+30"]

1. e4 e6 2. d4 d5 3. Nc3 Bb4 4. e5 c5 5. a3 Bxc3+ 6. bxc3 Qc7 7. h4 cxd4 8. cxd4 Qc3+ 9. Bd2 Qxd4 10. Nf3 Qe4+ 11. Be2 Qa4 12. h5 h6 13. Rh4 Qd7 14. c4 Ne7 15. a4 Nbc6 16. Rc1 b6 17. Qc2 Bb7 18. Rg4 Nf5 19. Bd3 dxc4 20. Rxc4 Nfd4 21. Qc3 Nxf3+ 22. gxf3 O-O 23. Be4 Na5 24. Bxb7 Qxb7 25. Rc7 Qd5 26. Qe3 Nb3 27. R1c3 Nxd2 28. Qxd2 Qxe5+ 29. Re3 Qxc7 0-1

[Event "46th GRE-chT Premier 2018"]
[Site "Rio Achaia"]
[Date "2018.07.10"]
[Round "1"]
[White "Tzachristas, Georgios"]
[Black "Marinakis, Hristos"]
[Result "0-1"]
[ECO "C54"]
[WhiteElo "1191"]
[BlackElo "1942"]
[Annotator "NA"]
[PlyCount "76"]
[EventDate "2018.07.10"]
[EventType "team-tourn"]
[EventCountry "GRE"]
[SourceTitle "playchess.com"]
[Source "ChessBase"]
[SourceQuality "1"]
[TimeControl "40/5400+30:1800+30"]

1. e4 e5 2. Nf3 Nc6 3. Bc4 Bc5 4. c3 Nf6 5. d3 a6 6. Bb3 d6 7. Nbd2 O-O 8. O-O Ba7 9. h3 Be6 10. Bc2 d5 11. Re1 Re8 12. Nf1 h6 13. Ng3 Qd7 14. Be3 Bxe3 15. Rxe3 Rad8 16. Re1 Qc8 17. Qe2 d4 18. c4 b5 19. cxb5 axb5 20. Rec1 Qb7 21. a3 Ra8 22. Bd1 Ra6 23. Qc2 Rea8 24. Nd2 R8a7 25. b3 Nb4 26. Qb1 Rxa3 27. Rxa3 Rxa3 28. Nf3 Nd7 29. Nf1 Na2 30. Qb2 Nxc1 31. Qxa3 Nxd3 32. Bc2 Nf4 33. N1d2 c5 34. Qa5 c4 35. bxc4 bxc4 36. Nxe5 Nxe5 37. Qd8+ Kh7 38. Qxd4 Ne2+ 0-1

[Event "46th GRE-chT Premier 2018"]
[Site "Rio Achaia"]
[Date "2018.07.10"]
[Round "1"]
[White "Isari, Angeliki"]
[Black "Kratimenou, Maria"]
[Result "1/2-1/2"]
[ECO "C01"]
[WhiteElo "1153"]
[BlackElo "1207"]
[Annotator "NA"]
[PlyCount "82"]
[EventDate "2018.07.10"]
[EventType "team-tourn"]
[EventCountry "GRE"]
[SourceTitle "playchess.com"]
[Source "ChessBase"]
[SourceQuality "1"]
[TimeControl "40/5400+30:1800+30"]

1. e4 e6 2. d4 d5 3. exd5 exd5 4. Bd3 Nc6 5. Nf3 Bg4 6. c3 Bd6 7. O-O Nge7 8. Nbd2 Qd7 9. Qc2 f6 10. Re1 O-O-O 11. b4 Rde8 12. a3 g5 13. Bb2 h5 14. c4 dxc4 15. Bxc4 Bf5 16. Qb3 Ng6 17. Bf7 Ref8 18. Bxg6 Bxg6 19. Nc4 Bf7 20. Nxd6+ Qxd6 21. Qd3 Bd5 22. Rac1 Kb8 23. Red1 Rd8 24. Qf5 Rhe8 25. Re1 Rxe1+ 26. Rxe1 Bxf3 27. Qxf3 Nxd4 28. Bxd4 Qxd4 29. Qxh5 Qc3 30. Qe8 Qd2 31. h3 a6 32. Qe3 Qxe3 33. Rxe3 Rd1+ 34. Kh2 Rd2 35. Kg3 Kc8 36. Rf3 Rd6 37. h4 gxh4+ 38. Kxh4 Kd7 39. Kh5 Ke7 40. Kg6 Re6 41. g4 b6 1/2-1/2

[Event "46th GRE-chT Premier 2018"]
[Site "Rio Achaia"]
[Date "2018.07.10"]
[Round "1"]
[White "Golegos, Antonis"]
[Black "Chatzigavriil, Georgios"]
[Result "1-0"]
[ECO "C50"]
[WhiteElo "1136"]
[BlackElo "1318"]
[Annotator "NA"]
[PlyCount "91"]
[EventDate "2018.07.10"]
[EventType "team-tourn"]
[EventCountry "GRE"]
[SourceTitle "playchess.com"]
[Source "ChessBase"]
[SourceQuality "1"]
[TimeControl "40/5400+30:1800+30"]

1. e4 e5 2. Nf3 Nc6 3. Bc4 Nf6 4. d3 Bc5 5. Nc3 d6 6. Bg5 Be6 7. Bb3 Qd7 8. Qd2 Bb4 9. a3 Ba5 10. Be3 O-O-O 11. Ba4 a6 12. O-O-O b5 13. Bb3 Bxb3 14. cxb3 d5 15. b4 dxe4 16. dxe4 Qxd2+ 17. Rxd2 Rd3 18. Rdd1 Rd2 19. Bxd2 Bb6 20. Rdf1 Ng4 21. Nd1 Nd4 22. Nxd4 Bxd4 23. f3 Nf6 24. Bc3 Rd8 25. Kc2 Nd7 26. Nf2 Nb6 27. b3 Kd7 28. Nd3 Ke6 29. Rd1 Nd7 30. Bxd4 exd4 31. Nf4+ Ke5 32. Ne2 Nf6 33. Kd3 g5 34. g3 Nh5 35. Rc1 Kd6 36. Nxd4 f6 37. Ke3 Ng7 38. Rc6+ Kd7 39. Rxf6 Re8 40. Rf7+ Re7 41. Rxe7+ Kxe7 42. Nf5+ Nxf5+ 43. exf5 h5 44. Ke4 Kf6 45. h3 c6 46. g4 1-0

[Event "46th GRE-chT Premier 2018"]
[Site "Rio Achaia"]
[Date "2018.07.10"]
[Round "1"]
[White "Koukouliatas, Sotirios Georgios"]
[Black "Tsaknakis, Zisis"]
[Result "0-1"]
[ECO "A45"]
[WhiteElo "1130"]
[BlackElo "2170"]
[Annotator "NA"]
[PlyCount "50"]
[EventDate "2018.07.10"]
[EventType "team-tourn"]
[EventCountry "GRE"]
[SourceTitle "playchess.com"]
[Source "ChessBase"]
[SourceQuality "1"]
[TimeControl "40/5400+30:1800+30"]

1. d4 Nf6 2. Bf4 g6 3. e3 Bg7 4. Nf3 O-O 5. Bd3 d6 6. O-O c5 7. c3 Nc6 8. Bc2 Qb6 9. Qc1 Bg4 10. Nbd2 Rac8 11. h3 Be6 12. Bb3 cxd4 13. exd4 Nd5 14. Bh2 Nxd4 15. Nxd4 Bxd4 16. Nc4 Qa6 17. cxd4 b5 18. Qd1 bxc4 19. Ba4 c3 20. Bb3 cxb2 21. Rb1 Nc3 22. Bxe6 Nxd1 23. Bxc8 Rxc8 24. Rfxd1 Qxa2 25. Bf4 a5 0-1

[Event "46th GRE-chT Premier 2018"]
[Site "Rio Achaia"]
[Date "2018.07.10"]
[Round "1"]
[White "Lagogianni, Niki Vasiliki"]
[Black "Mihailidou, Magdalini"]
[Result "0-1"]
[ECO "A05"]
[WhiteElo "1123"]
[BlackElo "1762"]
[Annotator "NA"]
[PlyCount "88"]
[EventDate "2018.07.10"]
[EventType "team-tourn"]
[EventCountry "GRE"]
[SourceTitle "playchess.com"]
[Source "ChessBase"]
[SourceQuality "1"]
[TimeControl "40/5400+30:1800+30"]

1. Nf3 Nf6 2. g3 g6 3. Bg2 Bg7 4. O-O O-O 5. d3 d6 6. Nbd2 e5 7. e4 c6 8. Qe1 a5 9. Nc4 b5 10. Ncd2 Na6 11. a4 Nd7 12. Nb3 Nb4 13. Qe2 Nb6 14. axb5 a4 15. c3 Nxd3 16. Qxd3 axb3 17. Rxa8 Nxa8 18. bxc6 Qc7 19. Nd2 Qxc6 20. c4 Be6 21. Qxb3 Nb6 22. Qb5 Qxb5 23. cxb5 Bd7 24. Rd1 Bxb5 25. Nb3 Ba4 26. Rd3 Rc8 27. Rxd6 Bxb3 28. Bg5 Rb8 29. Bf1 Na4 30. Bc1 Rc8 31. Rb6 Nxb6 32. Bd2 Na4 33. Bc3 Nxc3 34. bxc3 Rxc3 35. Kg2 Bc4 36. Bxc4 Rxc4 37. f3 Rc2+ 38. Kh3 h5 39. g4 hxg4+ 40. Kxg4 Rxh2 41. Kg3 Rb2 42. Kg4 f5+ 43. exf5 gxf5+ 44. Kxf5 Rb4 0-1

[Event "46th GRE-chT Premier 2018"]
[Site "Rio Achaia"]
[Date "2018.07.10"]
[Round "1"]
[White "Apostolidis, Angelos"]
[Black "Loutragotis, Marios"]
[Result "0-1"]
[ECO "B90"]
[WhiteElo "1117"]
[BlackElo "1545"]
[Annotator "NA"]
[PlyCount "112"]
[EventDate "2018.07.10"]
[EventType "team-tourn"]
[EventCountry "GRE"]
[SourceTitle "playchess.com"]
[Source "ChessBase"]
[SourceQuality "1"]
[TimeControl "40/5400+30:1800+30"]

1. e4 c5 2. Nf3 d6 3. d4 cxd4 4. Nxd4 Nf6 5. Nc3 a6 6. Bd3 Nbd7 7. Nf3 b5 8. a3 Bb7 9. O-O g6 10. Re1 Bg7 11. Bf4 Nh5 12. Bd2 Nb6 13. Re2 Rc8 14. Rb1 Nc4 15. Qe1 O-O 16. Bxc4 Rxc4 17. Re3 Qd7 18. Qe2 Nf4 19. Qe1 Qg4 20. g3 Ne6 21. b3 Rcc8 22. b4 Nd4 23. Qd1 Nxf3+ 24. Qxf3 Qxf3 25. Rxf3 Bxc3 26. Rxc3 Rxc3 27. Bxc3 Bxe4 28. Re1 f5 29. Re3 Rc8 30. f3 Bxc2 31. Be1 e5 32. Rc3 Rxc3 33. Bxc3 Kf7 34. Kf2 Ke6 35. Ke3 Kd5 36. Kd2 Bb1 37. Kc1 Bd3 38. Kd2 Kc4 39. Bb2 Bb1 40. Ke3 Kb3 41. Bc1 d5 42. f4 d4+ 43. Kf3 e4+ 44. Ke2 Kc2 45. Be3 dxe3 46. Kxe3 Kb3 47. Kd4 Kxa3 48. Ke5 e3 49. Kf6 e2 50. Kg7 e1=Q 51. Kxh7 Qd2 52. h4 Qe3 53. Kxg6 Qxg3+ 54. Kh5 Ba2 55. Kh6 Qxf4+ 56. Kh5 Bf7# 0-1

[Event "46th GRE-chT Premier 2018"]
[Site "Rio Achaia"]
[Date "2018.07.10"]
[Round "1"]
[White "Fertakis, Dimitrios"]
[Black "Trapalis, Theodoros"]
[Result "0-1"]
[ECO "C11"]
[WhiteElo "1058"]
[BlackElo "1386"]
[Annotator "NA"]
[PlyCount "186"]
[EventDate "2018.07.10"]
[EventType "team-tourn"]
[EventCountry "GRE"]
[SourceTitle "playchess.com"]
[Source "ChessBase"]
[SourceQuality "1"]
[TimeControl "40/5400+30:1800+30"]

1. e4 e6 2. d4 d5 3. Nc3 Nf6 4. e5 Nfd7 5. Nf3 c5 6. Be3 cxd4 7. Bxd4 Nc6 8. Bb5 Nxd4 9. Qxd4 a6 10. Bxd7+ Bxd7 11. O-O Rc8 12. a3 Bc5 13. Qd2 b5 14. Ne2 Qc7 15. Qg5 O-O 16. Nf4 f6 17. exf6 Rxf6 18. Nd3 Bd6 19. Rac1 Rcf8 20. Qe3 Rh6 21. h3 Rf5 22. Rfe1 Rfh5 23. Nfe5 Be8 24. Ng4 Rg6 25. Nge5 Bxe5 26. Nxe5 Rf6 27. Nd3 Bg6 28. Ne5 Rhf5 29. Ng4 Rf8 30. Qxe6+ Kh8 31. Qe3 Bh5 32. Rf1 h6 33. Qd4 Rf4 34. Qxd5 Bxg4 35. hxg4 Rxg4 36. Qh5 Rg5 37. Qh2 Qc5 38. Qh4 Rh5 39. Qg3 Rg5 40. Qe3 Qc6 41. f3 Qg6 42. Rf2 h5 43. Qe4 Rff5 44. c3 Kh7 45. Re1 Rg3 46. Qe6 Rf6 47. Qe4 Rf5 48. Rd1 Rgg5 49. Rd3 Rg3 50. Rd5 Rxd5 51. Qxd5 Qb1+ 52. Kh2 Rg6 53. Qd4 Qc1 54. Qd2 Qb1 55. Qc2 Qe1 56. Qe2 Qc1 57. Rf1 Qf4+ 58. Kg1 h4 59. Rf2 h3 60. Kh1 hxg2+ 61. Rxg2 Qc1+ 62. Kh2 Rh6+ 63. Kg3 Qg5+ 64. Kf2 Qh4+ 65. Kf1 Qh1+ 66. Rg1 Qh3+ 67. Qg2 Qd7 68. Rh1 Qd1+ 69. Kf2 Qxh1 70. Qg4 Qh4+ 71. Qxh4 Rxh4 72. b3 Kg6 73. Ke3 Kf5 74. Ke2 Kf4 75. c4 bxc4 76. bxc4 Ke5 77. c5 Kd5 78. a4 Rxa4 79. c6 Kxc6 80. Ke3 Rc4 81. f4 a5 82. f5 a4 83. Kd3 Kb5 84. f6 gxf6 85. Ke3 a3 86. Kd3 a2 87. Ke3 a1=Q 88. Kd3 Qc3+ 89. Ke2 Qc2+ 90. Ke3 Re4+ 91. Kf3 Qe2+ 92. Kg3 Rg4+ 93. Kh3 Qg2# 0-1

[Event "46th GRE-chT Premier 2018"]
[Site "Rio Achaia"]
[Date "2018.07.10"]
[Round "1"]
[White "Chasouraki, Chrysi"]
[Black "Georgitsi, Sofia"]
[Result "1-0"]
[ECO "C55"]
[WhiteElo "1026"]
[BlackElo "1420"]
[Annotator "NA"]
[PlyCount "95"]
[EventDate "2018.07.10"]
[EventType "team-tourn"]
[EventCountry "GRE"]
[SourceTitle "playchess.com"]
[Source "ChessBase"]
[SourceQuality "1"]
[TimeControl "40/5400+30:1800+30"]

1. e4 e5 2. Nf3 Nc6 3. Bc4 Nf6 4. d3 h6 5. O-O d6 6. Re1 g6 7. c3 Bg7 8. d4 Qe7 9. Bb5 Bd7 10. d5 Nb8 11. Bxd7+ Nbxd7 12. c4 O-O 13. Nc3 a5 14. h3 Nc5 15. Qc2 Kh7 16. Be3 Nfd7 17. b3 f5 18. Bc1 f4 19. Bb2 g5 20. a3 h5 21. Nh2 Nf6 22. f3 Qd7 23. b4 axb4 24. axb4 Rxa1 25. Rxa1 Na6 26. Ba3 g4 27. fxg4 hxg4 28. hxg4 Nxg4 29. Qe2 Nxh2 30. Kxh2 Bh6 31. Qf3 Rg8 32. Ne2 Qe7 33. Rh1 Qh4+ 34. Kg1 Qe1+ 35. Kh2 Qh4+ 36. Kg1 Qg4 37. Qxg4 Rxg4 38. Kf2 Kg6 39. Ra1 Bg5 40. b5 Nb8 41. Bb4 Bh4+ 42. Kf3 Kh5 43. Ra7 c5 44. bxc6 bxc6 45. Rb7 cxd5 46. cxd5 Na6 47. Bxd6 Bf6 48. Rb6 1-0